 Dungeon Crawl Stone Soup version 0.18.1-50-g88ac8fd (console) character file.

2139 Kloppie the Fighter (level 9, -10/121 HPs)
             Began as a Purple Draconian Berserker on Sept 27, 2016.
             Was a Priest of Trog.
             Splashed by a jelly's acid (11 damage)
             ... on level 6 of the Dungeon.
             The game lasted 00:07:55 (5928 turns).

Kloppie the Fighter (Purple Draconian Berserker)    Turns: 5928, Time: 00:07:56

Health: -10/121    AC: -4    Str: 25    XL:     9   Next: 9%
Magic:  9/9        EV: 15    Int:  8    God:    Trog [***...]
Gold:   311        SH:  0    Dex: 13    Spells: 0 memorised, 8 levels left

rFire  . . .     SeeInvis .     a - +0 spear
rCold  . . .     Gourm    .     (armour unavailable)
rNeg   . . .     Faith    .     (no shield)
rPois  .         Spirit   .     (helmet restricted)
rElec  .         Dismiss  .     j - +0 cloak
rCorr  .         Reflect  .     (no gloves)
SustAt .         Harm     .     (no boots)
MR     +....                    (no amulet)
Stlth  ..........               (no ring)
                                (no ring)

@: berserking, corroded, very quick, somewhat resistant to hostile enchantments,
extremely unstealthy
A: breathe power, unfitting armour, cold-blooded, AC +7
a: Breathe Dispelling Energy, Berserk, Trog's Hand, Burn Spellbooks, Renounce
Religion


You were on level 6 of the Dungeon.
You worshipped Trog.
Trog was most pleased with you.
You were not hungry.

You visited 1 branch of the dungeon, and saw 6 of its levels.

You collected 311 gold pieces.

Inventory:

Hand Weapons
 a - a +0 spear (weapon)
 b - a +0 halberd
Armour
 j - a +0 cloak (worn)
Jewellery
 m - a +3 ring of dexterity {unknown}
 v - an uncursed ring of wizardry {unknown}
Wands
 y - a wand of random effects (27/48)
 F - a wand of confusion (29/48)
Scrolls
 d - a scroll of fear {unknown}
 e - 4 scrolls of remove curse {unknown}
 f - a scroll of immolation {unknown}
 h - 2 scrolls of magic mapping {unknown}
 i - a scroll of teleportation {unknown}
 k - 13 scrolls of identify {unknown}
 q - a scroll of noise {unknown}
 r - a scroll of amnesia {unknown}
 s - a scroll of random uselessness {unknown}
 w - 3 scrolls of enchant weapon {unknown}
 B - a scroll of enchant armour {unknown}
 C - a scroll of fog {unknown}
Potions
 c - 4 potions of agility {unknown}
 n - 2 potions of haste {unknown}
 o - a potion of degeneration {unknown}
 t - a potion of beneficial mutation {unknown}
 u - 2 potions of lignification {unknown}
 x - a potion of invisibility
 A - a potion of curing {unknown}
 D - a potion of flight {unknown}
 G - a potion of heal wounds {unknown}
 J - a potion of berserk rage {unknown}
Books
 z - a book of Flames

   Spells                             Type                      Level
   a - Flame Tongue                   Conjuration/Fire             1
   b - Throw Flame                    Conjuration/Fire             2
   c - Conjure Flame                  Conjuration/Fire             3
   d - Inner Flame                    Hexes/Fire                   3
   e - Sticky Flame                   Conjuration/Fire             4
   f - Fireball                       Conjuration/Fire             5
   Trog disapproves of the use of such an item.
Comestibles
 g - 7 fruits
 l - 5 beef jerkies
 p - a slice of pizza
 E - a meat ration
 I - 4 bread rations


   Skills:
 + Level 8.2 Fighting
 + Level 7.7 Polearms
 + Level 6.8 Dodging


You had 8 spell levels left.
You didn't know any spells.

Dungeon Overview and Level Annotations

Branches:
Dungeon (6/15)
 Temple: D:4-7

Altars:
Nemelex Xobeh
Okawaru
Pakellas
Xom
The Shining One

Annotations:
D:4 Prince Ribbit


Innate Abilities, Weirdness & Mutations

You can breathe bolts of dispelling energy.
Your rich purple scales are hard (AC +7).
Your body does not fit into most forms of armour.
You are cold-blooded and may be slowed by cold attacks.


Message History

You puncture the jelly!
Your hands burn!
* * * LOW HITPOINT WARNING * * *
The jelly is severely wounded.
You hit the jelly. The acid corrodes you!
Your hands burn!
* * * LOW HITPOINT WARNING * * *
The jelly is severely wounded.
The jelly hits you.
* * * LOW HITPOINT WARNING * * *
You are splashed with acid!
The acid burns!
* * * LOW HITPOINT WARNING * * *
You puncture the jelly!
Your hands burn!
* * * LOW HITPOINT WARNING * * *
The jelly is almost dead.
You hit the jelly.
Your hands burn!
* * * LOW HITPOINT WARNING * * *
The jelly is almost dead.
The jelly hits you.
* * * LOW HITPOINT WARNING * * *
You are splashed with acid!
The acid corrodes you!
The acid burns!
You die...

##.##..##
#.##...
#..#..#
##.##.#
#.##.#
#..#.#
##.#.#
........
#..J#
#......#
######.@#
#......#
#.......>#
#......#
#.######.#
#......# #.#
#......# #.#
#......#####
#.#
#......'....
#.#
#...)..#####
#.#
#####+#...#
#.#
#####.#)#.##


You could see a jelly.

Vanquished Creatures
  The ghost of Kloppie the Fighter, a novice DrBe of Trog (D:6)
  Pikel (D:5)
  An orc warrior (D:5)
  An ogre (D:4)
  A giant frog (D:6)
  A jelly (D:6)
  A howler monkey (D:3)
  2 crimson imps (D:5)
  8 orc wizards
  5 orc priests
  2 hounds
  4 worker ants
  7 gnolls
  4 adders
  2 adder skeletons (D:4)
  2 worms
  5 dart slugs
  2 giant geckos (D:2)
  26 orcs
  4 bats
  7 giant cockroaches
  9 goblins
  13 hobgoblins
  3 jackals (D:4)
  A quokka (D:4)
  A giant gecko skeleton (D:4)
  14 giant newts
  8 kobolds
  A quokka skeleton (D:5)
  8 rats
145 creatures vanquished.

Vanquished Creatures (others)
  3 slaves (D:5)
  3 orc priests (D:5)
  2 orc wizards (D:5)
  A hound zombie (D:5)
  An adder skeleton (D:5)
  A giant gecko (D:5)
  2 orcs (D:5)
  A quokka (D:5)
14 creatures vanquished.

Grand Total: 159 creatures vanquished

Notes
Turn   | Place    | Note
--------------------------------------------------------------
     0 | D:1      | Kloppie the Draconian Berserker began the quest for the Orb.
     0 | D:1      | Reached XP level 1. HP: 19/19 MP: 1/1
    67 | D:1      | Reached XP level 2. HP: 12/26 MP: 2/2
   721 | D:1      | Reached XP level 3. HP: 27/31 MP: 3/3
   908 | D:2      | Reached ** piety under Trog
  1362 | D:2      | Reached XP level 4. HP: 37/40 MP: 4/4
  1498 | D:2      | Reached skill level 4 in Fighting
  1655 | D:2      | Found an oddly glowing altar of Pakellas.
  1662 | D:2      | Found an iron altar of Okawaru.
  1874 | D:3      | Reached *** piety under Trog
  1882 | D:3      | Reached XP level 5. HP: 30/46 MP: 5/5
  2887 | D:4      | Reached XP level 6. HP: 50/55 MP: 6/6
  2929 | D:4      | Found a sparkling altar of Nemelex Xobeh.
  3231 | D:4      | Reached skill level 5 in Fighting
  3231 | D:4      | Reached skill level 5 in Polearms
  3380 | D:4      | Your scales start taking on a rich purple colour.
  3380 | D:4      | Reached XP level 7. HP: 61/61 MP: 7/7
  3570 | D:4      | Found a glowing golden altar of the Shining One.
  3570 | D:4      | Found a shimmering altar of Xom.
  3645 | D:5      | Entered Level 5 of the Dungeon
  3675 | D:5      | Noticed Pikel
  3684 | D:5      | Killed Pikel
  3684 | D:5      | Reached **** piety under Trog
  3684 | D:5      | Reached skill level 6 in Fighting
  3684 | D:5      | Reached skill level 5 in Dodging
  3773 | D:5      | Reached XP level 8. HP: 70/71 MP: 8/8
  4282 | D:5      | Noticed Prince Ribbit
  4408 | D:5      | Reached skill level 7 in Fighting
  4724 | D:5      | Received a gift from Trog
  5748 | D:6      | Noticed Kloppie's ghost (novice DrBe)
  5771 | D:6      | Killed Kloppie's ghost
  5771 | D:6      | Reached skill level 8 in Fighting
  5771 | D:6      | Reached XP level 9. HP: 34/81 MP: 9/9
  5781 | D:6      | HP: 4/81 [poisoned by Kloppie's ghost]
  5786 | D:6      | HP: 2/81 [poisoned by Kloppie's ghost]
  5927 | D:6      | HP: 5/121 [acid (5)]
  5928 | D:6      | HP: 1/121 [jelly (2)]
  5928 | D:6      | Splashed by a jelly's acid

Skill      XL: |  1  2  3  4  5  6  7  8 |
---------------+-------------------------+-----
Dodging        | 3 4 5 6 |  6.8
Fighting       | 4 5 6 8 |  8.2
Polearms       | 4 5 6 7 |  7.7

Action                   |  1- 3 |  4- 6 |  7- 9 || total
-------------------------+-------+-------+-------++-------
Melee: Spear             |   144 |   213 |   319 ||   676
       Tailslap          |    20 |    15 |    40 ||    75
Invok: Berserk           |     1 |     6 |     6 ||    13
       Trog's Hand       |       |       |     4 ||     4
 Stab: Sleeping          |       |     1 |     2 ||     3
  Eat: Chunk             |     3 |    11 |    15 ||    29
       Fruit             |       |       |     1 ||     1
Armor: Skin              |    24 |    47 |    74 ||   145
Dodge: Dodged            |    71 |   118 |   143 ||   332
